 Dungeon Crawl Stone Soup version 0.25-a0-713-g4845790874 (webtiles) character file.

Game seed: 10278521635601834240, levelgen mode: deterministic

7884 Mehrunes the Slasher (level 11, -11/80 HPs)
             Began as a Mummy Ice Elementalist on Apr 5, 2020.
             Was an Initiate of Gozag.
             Killed from afar by a deep troll earth mage (28 damage)
             ... with a blast of rock fragments
             ... on level 9 of the Dungeon.
             The game lasted 00:57:52 (14852 turns).

Mehrunes the Slasher (Mummy Ice Elementalist)      Turns: 14852, Time: 00:57:52

Health: -11/80     AC:  9    Str: 18    XL:     11   Next: 2%
Magic:  20/20      EV: 23    Int: 17    God:    Gozag
Gold:   1902       SH: 16    Dex: 12    Spells: 12/22 levels left

rFire    . . .     SeeInvis .   e - +5 falchion "Vaffett" {vorpal, Str+5}
rCold    + . .     Gourm    .   t - +2 tower shield
rNeg     + + +     Faith    .   E - +0 steam dragon scales
rPois    ∞         Spirit   .   (no helmet)
rElec    .         Reflect  .   f - +0 cloak
rCorr    .         Harm     .   p - +0 pair of gloves
MR       +....                  (no boots)
Stlth    ++........             j - amulet of the acrobat
HPRegen  0.23/turn              (no ring)
MPRegen  0.17/turn              D - ring of protection from fire

@: acrobat
A: no food or potions, fire vulnerability, cold resistance 1, negative energy
resistance 3, torment resistance, unbreathing
a: Potion Petition, Call Merchant, Bribe Branch, Renounce Religion


You were on level 9 of the Dungeon.
You worshipped Gozag.
Gozag was most pleased with you.
You were not hungry.

You visited 1 branch of the dungeon, and saw 10 of its levels.

You collected 2071 gold pieces.
You spent 144 gold pieces at shops.
You paid 25 gold pieces to Gozag.

Inventory:

Hand Weapons
 b - a +0 whip
 c - a +0 whip of draining
 e - the +5 falchion "Vaffett" (weapon) {vorpal, Str+5}
   (You bought it in a shop on level 4 of the Dungeon)

   It inflicts extra damage upon your enemies.
   It affects your strength (+5).
 B - a +0 dagger of venom
Missiles
 u - 5 silver javelins (quivered)
Armour
 f - a +0 cloak (worn)
 k - a +0 ring mail
 o - a +0 scale mail
 p - a +0 pair of gloves (worn)
 t - a +2 tower shield (worn)
 x - the +0 ring mail of Feasting {Int+3}
   (You found it on level 6 of the Dungeon)

   It affects your intelligence (+3).
 C - a +0 chain mail
 E - +0 steam dragon scales (worn)
Magical Staves
 n - an uncursed staff of air
 s - an uncursed staff of wizardry
Jewellery
 j - an amulet of the acrobat (around neck)
 l - an uncursed amulet of magic regeneration
 D - a ring of protection from fire (right hand)
 G - an uncursed ring of ice
 H - an uncursed ring of protection from cold {unknown}
Wands
 a - a wand of random effects (20)
 z - a wand of iceblast (14)
 A - a wand of acid (7)
 I - a wand of digging (6)
 J - a wand of flame (8)
Scrolls
 d - 3 scrolls of amnesia
 g - 3 scrolls of enchant weapon
 h - 2 scrolls of fog
 i - 3 scrolls of remove curse
 m - 4 scrolls of teleportation
 q - 3 scrolls of immolation
 r - a scroll of fear
 v - a scroll of noise
 w - a scroll of blinking
 y - a scroll of magic mapping
 F - 2 scrolls of enchant armour {unknown}


   Skills:
 - Level 5.4 Fighting
 - Level 7.7 Long Blades
 - Level 6.3 Armour
 - Level 1.8 Dodging
 - Level 1.5 Stealth
 * Level 4.5 Shields
 - Level 6.0 Spellcasting
 - Level 2.0 Charms
 - Level 5.4 Ice Magic
 - Level 4.0 Evocations


You had 12 spell levels left.
You knew the following spells:

 Your Spells              Type           Power        Failure   Level  Hunger
a - Freeze                Ice            ###.         19%         1    N/A
b - Frozen Ramparts       Ice            ###...       50%         3    N/A
c - Ozocubu's Armour      Chrm/Ice       ###.....     75%         3    N/A
d - Vampiric Draining     Necr           #.........   99%         3    N/A

Your spell library contained the following spells:

 Spells                   Type           Power        Failure   Level  Hunger
 Ensorcelled Hibernation  Hex/Ice        ##....       65%         2    N/A
 Animate Skeleton         Necr           N/A          87%         1    N/A
 Corona                   Hex            #......      87%         1    N/A
 Pain                     Necr           #...         87%         1    N/A
 Confusing Touch          Hex            #.......     99%         3    N/A
 Dazzling Flash           Conj/Hex       #.....       99%         3    N/A
 Gell's Gravitas          Tloc           #.........   99%         3    N/A
 Tukima's Dance           Hex            #.......     99%         3    N/A
 Hailstorm                Conj/Ice       ##......     99%         4    N/A
 Summon Ice Beast         Ice/Summ       ##......     99%         4    N/A
 Animate Dead             Necr           N/A          100%        4    N/A
 Petrify                  Tmut/Erth      #.......     100%        4    N/A
 Agony                    Necr           #.......     100%        5    N/A
 Metabolic Englaciation   Hex/Ice        ##........   100%        5    N/A
 Yara's Violent Unravell  Hex/Tmut       #.........   100%        5    N/A

Dungeon Overview and Level Annotations

Branches:
Dungeon (10/15)            Temple (0/1) D:7
   Lair: D:8-11         Orc: D:9-12

Altars:
Cheibriados
Dithmenos
Elyvilon
Fedhas
Gozag
Kikubaaqudgha
Okawaru
Qazlal
Trog
Uskayaw
Vehumet
Wu Jian
Yredelemnul

Shops:
D:4 %!(   D:5 (   D:9 !   D:10 (=?


Innate Abilities, Weirdness & Mutations

You do not eat or drink.
Your flesh is vulnerable to fire.
You are immune to poison.
Your flesh is cold resistant. (rC+)
You are immune to negative energy. (rN+++)
You are immune to unholy pain and torment.
You can survive without breathing.


Message History

The deep troll earth mage bites you! The deep troll earth mage claws you.
You block the deep troll earth mage's attack.
You hit the deep troll earth mage but do no damage.
The deep troll earth mage bites you!!
You block the deep troll earth mage's attack. x2
Press: ? - help, v - describe, . - travel
Here: a deep troll earth mage The floor.
Press: ? - help, v - describe, . - travel The floor.
You block the deep troll earth mage's attack.
The deep troll earth mage claws you!
You block the deep troll earth mage's attack.
The deep troll earth mage gestures at you while chanting.
The wall shatters!
The blast of rock fragments hits you!
* * * LOW HITPOINT WARNING * * *
The deep troll earth mage gestures at you while chanting.
The wall shatters!
The blast of rock fragments hits you!!
You die...
Your body crumbles into a pile of gold.

## #........###....###.(# #
#.............#####..# #
#.............## #...# ##
#..............# #.(## .##
##..............###(.# ..##
#..........##.(..#..##
...###..........###...#(.#
.........[.......###....##
.......##..#....@.###.(.#
...######..####....##...#####
...# ##..# ##....##..(...#
#..## #..# ##.T.....#####
#...# ##.## ##.....## ##..#
#..# ##....# #..# #..##
#...## #..## ##..### ##..#
##..# ##.....####..#


You could see a deep troll earth mage.

Vanquished Creatures
  A deep elf mage (D:10)
  Maurice (D:9)
  Psyche (D:9)
  Maggie (D:8)
  A troll (D:9)
  Grinder (D:3)
  A hippogriff (D:7)
  Sigmund (D:2)
  12 yaks
  A wyvern (D:10)
  A hungry ghost (D:9)
  2 orc warriors
  2 sky beasts
  2 black bears (D:8)
  2 phantoms
  A necrophage (D:9)
  2 ogres
  3 centaurs
  A big kobold (D:7)
  4 bullfrogs
  A water moccasin zombie (D:7)
  A water moccasin skeleton (D:6)
  3 scorpions
  4 killer bees (D:5)
  6 wights
  10 howler monkeys
  3 crimson imps
  A quasit (D:8)
  A jelly (D:5)
  4 hounds
  A bullfrog skeleton (D:6)
  An orc priest (D:6)
  Crazy Yiuf (D:4)
  3 centaur skeletons
  Terence (D:2)
  10 orc wizards
  An iguana (D:4)
  3 worker ants
  Natasha (thrice) (D:3)
  4 worker ant zombies
  A howler monkey zombie (D:9)
  11 adders
  2 shadow imps (D:7)
  An adder zombie (D:6)
  An adder skeleton (D:5)
  2 worms (D:3)
  3 dart slugs
  7 leopard geckos
  45 orcs
  9 bats
  7 giant cockroaches
  5 hobgoblins
  18 jackals
  4 quokkas
  2 ball pythons (D:4)
  A ball python skeleton (D:4)
  5 frilled lizards
  3 goblins
  14 kobolds
  3 rats
  A fungus (D:4)
248 creatures vanquished.

Notes
Turn   | Place    | Note
-------+----------+-------------------------------------------
     0 | D:1      | Mehrunes the Mummy Ice Elementalist began the quest for the
                  | Orb.
     0 | D:1      | Reached XP level 1. HP: 13/13 MP: 4/4
   306 | D:1      | Reached XP level 2. HP: 18/20 MP: 5/5
   449 | D:1      | Reached skill level 1 in Fighting
   485 | D:1      | You fall into a shaft and drop 1 floor!
   860 | D:2      | Found an ancient bone altar of Kikubaaqudgha.
   861 | D:2      | Found an opulent altar of Gozag.
   862 | D:2      | Found a bloodstained altar of Trog.
   868 | D:2      | Became a worshipper of Gozag Ym Sagoz the Greedy
   872 | D:2      | Found an iron altar of Okawaru.
  1158 | D:2      | Reached XP level 3. HP: 26/26 MP: 5/7
  1168 | D:2      | Learned a level 3 spell: Frozen Ramparts
  1172 | D:2      | Learned a level 3 spell: Ozocubu's Armour
  1251 | D:2      | Noticed Sigmund
  1423 | D:2      | Noticed Terence
  1436 | D:2      | Killed Terence
  1758 | D:3      | Noticed Natasha
  1768 | D:3      | Killed Natasha
  1768 | D:3      | Reached XP level 4. HP: 26/33 MP: 4/8
  1977 | D:3      | Noticed Grinder
  1982 | D:3      | Found a stormy altar of Qazlal.
  2020 | D:3      | Noticed Natasha
  2048 | D:3      | Killed Natasha
  2048 | D:3      | Reached XP level 5. HP: 22/39 MP: 1/9
  2098 | D:4      | Found a hide-covered altar of Uskayaw.
  2136 | D:3      | Paralysed by Grinder for 6 turns
  2180 | D:3      | Paralysed by Grinder for 2 turns
  2191 | D:4      | Found Bewy's Distillery.
  2451 | D:4      | Found Wuolewec's Food Boutique.
  2473 | D:4      | Reached skill level 5 in Ice Magic
  2635 | D:4      | Noticed a sky beast
  2644 | D:4      | Killed a sky beast
  2644 | D:4      | Reached XP level 6. HP: 7/47 MP: 0/10
  2997 | D:4      | Found Regunuc's Antique Weapon Shoppe.
  3011 | D:4      | Bought a steaming falchion for 144 gold pieces
  3011 | D:4      | Identified the +5 falchion "Vaffett" {vorpal, Str+5} (You
                  | bought it in a shop on level 4 of the Dungeon)
  3024 | D:4      | Found a basalt altar of Yredelemnul.
  3057 | D:4      | Found a runed translucent door.
  3058 | D:4      | Noticed Crazy Yiuf
  3092 | D:4      | Killed Crazy Yiuf
  3666 | D:4      | Found a radiant altar of Vehumet.
  3729 | D:5      | Entered Level 5 of the Dungeon
  3780 | D:5      | Reached skill level 1 in Long Blades
  3829 | D:5      | Reached skill level 1 in Armour
  4015 | D:5      | Reached XP level 7. HP: 52/52 MP: 12/12
  4163 | D:5      | Reached skill level 2 in Long Blades
  4385 | D:5      | Found Lastres's Antique Weapon Shop.
  4883 | D:5      | Reached skill level 3 in Long Blades
  5312 | D:3      | Noticed Natasha
  5315 | D:3      | Killed Natasha
  5387 | D:3      | Killed Grinder
  5387 | D:3      | Reached XP level 8. HP: 49/58 MP: 13/15
  5494 | D:3      | Reached skill level 5 in Spellcasting
  5646 | D:3      | Found a blossoming altar of Fedhas.
  5985 | D:2      | Killed Sigmund
  5985 | D:2      | Reached skill level 4 in Long Blades
  6752 | D:6      | Got a translucent ring mail
  6763 | D:6      | Identified the +0 ring mail of Feasting {Int+3} (You found
                  | it on level 6 of the Dungeon)
  6901 | D:6      | Reached skill level 5 in Long Blades
  7771 | D:7      | Found an ornate altar of the Wu Jian Council.
  7891 | D:7      | Found a staircase to the Ecumenical Temple.
  8052 | D:7      | Reached XP level 9. HP: 50/64 MP: 6/18
  8454 | D:7      | Reached skill level 6 in Long Blades
  8622 | D:7      | Reached skill level 5 in Armour
  9102 | D:8      | Noticed Maggie
  9468 | D:8      | Found a white marble altar of Elyvilon.
  9918 | D:8      | Found a snail-covered altar of Cheibriados.
  9929 | D:8      | Reached skill level 7 in Long Blades
 10215 | D:8      | Killed Maggie
 10813 | D:9      | Noticed Maurice
 11129 | D:8      | Reached XP level 10. HP: 69/70 MP: 13/19
 11144 | D:8      | Reached skill level 1 in Charms
 11144 | D:8      | Reached skill level 1 in Evocations
 12210 | D:9      | Found a shadowy altar of Dithmenos.
 12336 | D:9      | Reached skill level 1 in Shields
 12570 | D:9      | Noticed Psyche
 12590 | D:9      | Killed Psyche
 12715 | D:9      | Reached skill level 5 in Fighting
 12837 | D:9      | Found Arrigiam's Distillery.
 13252 | D:9      | Killed Maurice
 13966 | D:10     | Entered Level 10 of the Dungeon
 14067 | D:9      | Learned a level 3 spell: Vampiric Draining
 14096 | D:10     | Found Weth's Antique Weapon Shop.
 14217 | D:10     | Found Majiyh's Magic Scroll Boutique.
 14218 | D:10     | Noticed a deep elf mage
 14299 | D:10     | Killed a deep elf mage
 14451 | D:10     | Found Muotuig's Jewellery Boutique.
 14513 | D:10     | Reached XP level 11. HP: 69/80 MP: 20/20
 14647 | D:10     | Found a bloodstained altar of Trog.
 14647 | D:10     | Found an iron altar of Okawaru.
 14649 | D:10     | Noticed a deep troll earth mage
 14650 | D:10     | Noticed a deep troll earth mage
 14852 | D:9      | Killed from afar by a deep troll earth mage

Levels and vault maps discovered:
D:1:      matt_arrival_grand_opening, layout_rooms, st_stairs_13,
          dk_noncrumbling_3
D:2:      layout_basic, minitemple, minmay_statues_item, uniq_terence,
          uniq_sigmund
D:3:      minmay_octagon_keep, layout_rooms, old_standard_altar,
          overflow_temple_1_default, serial_rivers,
          chequers_serial_rivers_small_b, chequers_serial_rivers_micro_b,
          chequers_serial_rivers_room_b, chequers_serial_rivers_small_b,
          uniq_natasha, uniq_grinder
D:4:      layout_loops_ring, kennysheep_little_box,
          eat_drink_and_be_merry_uskayaw, kennysheep_mini, first_ration,
          nicolae_ossuary_entry_plus, serial_shops, shop, shop_statue, shop,
          minivault_24, minmay_tree_intersection, uniq_crazy_yiuf_cottage
D:5:      minmay_inner_zag, layout_basic, serial_shops, nicolae_shop_stone
D:6:      layout_gridville
D:7:      layout_loops_ring, lemuel_crystal_altar, minmay_temple_entry_trees
D:8:      layout_loops_ring, cheibriados_altar_1, elyvilon_altar_4, uniq_maggie
D:9:      layout_layer_cave, nicolae_dithmenos_through_a_glass_darkly,
          serial_shops, shop, uniq_maurice, uniq_psyche
D:10:     layout_loops_cross, orc_0_dummy, basic_altar, serial_shops,
          nicolae_shop_crystal, nicolae_shop_behind_doors, shop_statue, shop,
          shop, jmf_multi_god_temple

Skill      XL: |  1  2  3  4  5  6  7  8  9 10 |
---------------+-------------------------------+-----
Fighting       | 1 2 3 5 |  5.4
Ice Magic      | 4 5 |  5.4
Spellcasting   | 3 4 6 |  6.0
Long Blades    | 1 3 5 7 |  7.7
Armour         | 1 2 4 6 |  6.3
Charms         | 2 |  2.0
Evocations     | 4 |  4.0
Shields        | 4 |  4.5
Dodging        | |  1.8
Stealth        | |  1.5

Action                   |  1- 3 |  4- 6 |  7- 9 | 10-12 || total
-------------------------+-------+-------+-------+-------++-------
Melee: Whip              |    32 |     9 |       |       ||    41
       Falchion          |       |    10 |   311 |   239 ||   560
Throw: Javelin           |       |       |     1 |       ||     1
 Cast: Freeze            |    36 |    37 |     7 |       ||    80
       Frozen Ramparts   |     2 |    11 |    26 |     6 ||    45
       Ozocubu's Armour  |       |       |     3 |     7 ||    10
Invok: Potion Petition   |       |       |     1 |       ||     1
  Use: Scroll            |       |     6 |     3 |     5 ||    14
 Stab: Sleeping          |     1 |     1 |       |       ||     2
       Distracted        |       |       |       |     1 ||     1
Armor: Robe              |     7 |    13 |       |       ||    20
       Ring mail         |       |       |    20 |       ||    20
       Scale mail        |       |       |    97 |       ||    97
       Steam dragon scal |       |       |    13 |    57 ||    70
Dodge: Dodged            |    42 |    41 |   219 |   103 ||   405
Block: Tower shield      |       |       |     2 |   125 ||   127
       Rpst.: Falchion   |       |     1 |    59 |    25 ||    85

Table legend:
 A = Non-vault XP
 B = Vault XP
 C = Vault XP percentage of total XP
 D = Non-vault monster count
 E = Vault monster count
 F = Vault count percentage of total count
                 A         B        C        D         E       F
            +---------+---------+-------+---------+---------+-------
      Total |    8730 |    2533 |  22.5 |     221 |      26 |  10.5
            +---------+---------+-------+---------+---------+-------
        D:1 |      28 |       3 |   9.7 |      17 |       2 |  10.5
        D:2 |      17 |     256 |  93.8 |      12 |       2 |  14.3
        D:3 |     127 |     374 |  74.7 |      17 |      14 |  45.2
        D:4 |     321 |      40 |  11.1 |      22 |       1 |   4.3
        D:5 |     829 |      63 |   7.1 |      29 |       3 |   9.4
        D:6 |     488 |       0 |   0.0 |      19 |       0 |   0.0
        D:7 |    1363 |       0 |   0.0 |      37 |       0 |   0.0
        D:8 |    2291 |     370 |  13.9 |      26 |       1 |   3.7
        D:9 |    2402 |     864 |  26.5 |      30 |       2 |   6.2
       D:10 |     864 |     563 |  39.5 |      12 |       1 |   7.7
            +---------+---------+-------+---------+---------+-------
